 Dungeon Crawl Stone Soup version 0.30.1-11-g7821555f0a (webtiles) character file.

Game seed: 684818265351301052

39 Okkudo the Chopper (level 3, -4/33 HPs)
             Began as a Hill Orc Monk on Nov 29, 2023.
             Killed from afar by Natasha (20 damage)
             ... with a bolt of light
             ... on level 2 of the Dungeon.
             The game lasted 00:02:09 (888 turns).

Okkudo the Chopper (Hill Orc Monk)                   Turns: 888, Time: 00:02:09

Health: -4/33      AC:  2    Str: 15    XL:     3   Next: 47%
Magic:  3/3        EV: 12    Int: 10    God:
Gold:   62         SH:  0    Dex: 13    Spells: 2/2 levels left

rFire   . . .        g - +0 war axe
rCold   . . .        d - orb {light}
rNeg    . . .        b - +0 robe
rPois   .            (no helmet)
rElec   .            (no cloak)
rCorr   .            (no gloves)
SInv    .            (no boots)
Will    .....        (no amulet)
Stlth   +            (no ring)
HPRegen 0.25/turn    (no ring)
MPRegen 0.08/turn

%: no passive effects
@: confused, glowing
A: no striking features
a: no special abilities


You were on level 2 of the Dungeon.
You visited 1 branch of the dungeon, and saw 2 of its levels.

You collected 62 gold pieces.

Inventory:

Hand Weapons
 g - a +0 war axe (weapon)
Armour
 b - a +0 robe (worn)
 d - an orb of light (worn)
Scrolls
 h - a scroll of enchant weapon {unknown}
 j - 2 scrolls of identify {unknown}
Potions
 a - a potion of curing {unknown}
 c - a potion of ambrosia
 e - 2 potions of might {unknown}
 f - a potion of magic {unknown}
 i - 2 potions of lignification {unknown}
 k - a potion of haste {unknown}


   Skills:
 - Level 3.7 Fighting
 * Level 5.7 Axes
 - Level 2.5 Dodging


You had 2 spell levels left.
You didn't know any spells.
Your spell library contained the following spells:

 Spells                   Type           Power      Damage    Failure   Level
 Static Discharge         Conj/Air       0%         2-2/arc   50%         2
 Airstrike                Air            0%         2d(0-16)  98%         4
 Summon Lightning Spire   Summ/Air       0%         N/A       98%         4


Dungeon Overview and Level Annotations

Branches:
Dungeon (2/15)

Altars:

Annotations:
D:2 Natasha


Message History

You now have 62 gold pieces (gained 6).
j - a scroll labelled BOVVIN QO AGOI
j - 2 scrolls labelled BOVVIN QO AGOI (gained 1)
There is a staircase leading out of the dungeon here.
k - a bubbling grey potion Done exploring.
Done exploring.
Things that are here:
a +0 short sword; 3 stones
There is a stone staircase leading down here.
You climb downwards.
There is a stone staircase leading up here.
Found a robe.
You barely miss the quokka. The quokka closely misses you.
You hit the quokka but do no damage. The quokka closely misses you. x2
You barely miss the quokka. The quokka bites you.
You slash the quokka!
You kill the quokka!
You see here a quokka corpse.
You see here a +0 robe.
A kobold comes into view. It is wielding a +0 short sword.
Found a stone staircase leading down.
The kobold shouts!
You hear an angry hiss.
Natasha, Servant of Life and Death comes into view.
She is carrying a wand of light (11).
Natasha casts a spell at you. The magic dart hits you!
The kobold barely misses you.
You barely miss the kobold.
The kobold hits you with a +0 short sword.
Natasha mumbles some strange words.
The kobold hits you with a +0 short sword.
You hit the kobold.
The kobold is moderately wounded.
The kobold hits you with a +0 short sword.
You hit the kobold.
You kill the kobold!
Natasha zaps a wand.
The bolt of light hits you!!
You are confused.
Ouch! That really hurt!
You die...

## ..# ...#
....#
#######5.....
#....@)h..>.#
#...###.....#
# #...# ..###
#. ##.## .#
##.#####.## #
#......[..#
#.........#
#.........#
#.........#


You could see Natasha and a cerulean imp (summoned).

Vanquished Creatures
  A gnoll (D:1)
  A dart slug (D:1)
  An endoplasm (D:1)
  5 goblins (D:1)
  6 hobgoblins (D:1)
  4 quokkas
  3 ball pythons (D:1)
  2 kobolds
  2 rats (D:1)
25 creatures vanquished.

Notes
Turn   | Place    | Note
-------+----------+-------------------------------------------
     0 | D:1      | Okkudo the Hill Orc Monk began the quest for the Orb.
     0 | D:1      | Reached XP level 1. HP: 19/19 MP: 1/1
   106 | D:1      | Reached XP level 2. HP: 22/27 MP: 2/2
   299 | D:1      | Found a faded altar of an unknown god.
   401 | D:1      | Reached skill level 5 in Axes
   525 | D:1      | Reached XP level 3. HP: 23/33 MP: 3/3
   883 | D:2      | Noticed Natasha
   888 | D:2      | Killed from afar by Natasha

Illustrated notes

Levels and vault maps discovered:
D:1:      dpeg_arrival_connections, layout_basic,
          hellmonk_ecumenical_altar_leap_of_faith, minivault_23
D:2:      layout_basic, basic_altar, uniq_natasha

Skill      XL: |  1  2 |
---------------+-------+-----
Axes           | 5 |  5.7
Fighting       | |  3.7
Dodging        | |  2.5

Action                     || total
---------------------------++-------
  Melee: Hand axe          ||    26
         War axe           ||    33
 Armour: Robe              ||     5
  Dodge: Dodged            ||    28
